 Dungeon Crawl Stone Soup version bcrawl-1.21.3-2-g9d8a61a446 (webtiles) character file.

Game seed: 9335054342403093016

175 MisterOstroum the Sneak (level 5, -1/41 HPs)
             Began as a Vampire Archaeologist on Apr 18, 2020.
             Slain by a river rat (8 damage)
             ... in a sewer.
             The game lasted 00:05:11 (1242 turns).

MisterOstroum the Sneak (Vampire Archaeologist)     Turns: 1242, Time: 00:05:12

Health: -1/41      AC:  6    Str: 15    XL:     5   Next: 29%
Magic:  5/5        EV: 13    Int: 15    God:
Gold:   73         SH:  0    Dex: 11    Spells: 4/4 levels left

rFire    . . .     SeeInvis +   n - +0 dagger
rCold    . . .     Gourm    .   (no shield)
rNeg     . . .     Faith    .   b - +1 robe
rPois    .         Spirit   .   c - +1 hat
rElec    .         Reflect  .   (no cloak)
rCorr    .         Harm     .   (no gloves)
MR       .....                  d - +1 pair of boots
Stlth    +++.......             e - amulet of regeneration
HPRegen  1.16/turn              (no ring)
MPRegen  0.09/turn              (no ring)

@: regenerating quickly
A: claws 1, fangs 3, see invisible, unbreathing
a: Bat Form


You were in a sewer.
You were full.

You visited 1 branch of the dungeon, and saw 4 of its levels.
You also visited: Sewer.

You collected 73 gold pieces.

Inventory:

Hand Weapons
 a - a +0 whip
 n - a +0 dagger (weapon)
 p - a +0 short sword
Missiles
 g - 328 sling bullets
 j - 95 javelins (quivered)
 o - 86 bolts
Armour
 b - a +1 robe (worn)
 c - a +1 hat (worn)
 d - a +1 pair of boots (worn)
Jewellery
 e - an amulet of regeneration (around neck)
Scrolls
 f - a scroll of acquirement
 l - a scroll of teleportation {unknown}
 s - a scroll of amnesia {unknown}
Potions
 h - 3 potions of curing {unknown}
 i - 2 potions of heal wounds {unknown}
 k - a potion of might {unknown}
 m - a potion of flight {unknown}
 q - 9 potions of blood {!d}


   Skills:
 + Level 3.1 Fighting
 * Level 4.5 Short Blades
 - Level 0.7 Maces & Flails
 - Level 3.2 Dodging
 - Level 4.8 Stealth


You had 4 spell levels left.
You didn't know any spells.
Your spell library was empty.

Dungeon Overview and Level Annotations

Branches:
Dungeon (4/12)
 Temple: D:4-7

Altars:


Innate Abilities, Weirdness & Mutations

Your natural rate of healing is unusually fast.
You have sharp fingernails.
You have razor-sharp teeth.
You have supernaturally acute eyesight. (SInv)
You can survive without breathing.


Message History

The adder is heavily wounded.
The adder bites you.
You are poisoned.
The adder poisons you!
You barely miss the adder.
The adder is heavily wounded.
You feel sick. The adder bites you but does no damage.
You miss the adder. Your bite misses the adder.
The adder is heavily wounded.
The adder closely misses you. x2
You barely miss the adder.
The adder is heavily wounded.
The adder bites you.
You hit the adder. Your bite misses the adder.
The adder is almost dead.
The adder closely misses you.
You closely miss the adder. Your bite misses the adder.
The adder is almost dead.
You feel sick. The adder bites you but does no damage.
You barely miss the adder.
The adder is almost dead.
The adder bites you.
You closely miss the adder. You bite the adder.
You kill the adder!
You barely miss the river rat.
You bite the river rat, but do no damage.
The river rat is moderately wounded.
The river rat bites you.
You hit the river rat but do no damage.
The river rat is moderately wounded.
The river rat bites you!
You are too injured to fight recklessly!
You are too injured to fight recklessly!
You are too injured to fight recklessly!
You are too injured to fight recklessly!
You are too injured to fight recklessly!
You are too injured to fight recklessly!
You are too injured to fight recklessly!
You are too injured to fight recklessly!
You are too injured to fight recklessly!
You are too injured to fight recklessly!
You are too injured to fight recklessly!
You are too injured to fight recklessly!
You are too injured to fight recklessly!
You are too injured to fight recklessly!
You are too injured to fight recklessly!
You are too injured to fight recklessly!
You are too injured to fight recklessly!
You are too injured to fight recklessly!
You are too injured to fight recklessly!
You are too injured to fight recklessly!
You are too injured to fight recklessly!
You are too injured to fight recklessly!
You are too injured to fight recklessly!
You are too injured to fight recklessly!
You are too injured to fight recklessly!
You are too injured to fight recklessly!
You are too injured to fight recklessly!
You are too injured to fight recklessly!
You are too injured to fight recklessly!
You are too injured to fight recklessly!
You are too injured to fight recklessly!
You are too injured to fight recklessly!
You are too injured to fight recklessly!
You closely miss the river rat.
The river rat is moderately wounded.
You feel sick.
You hit the river rat.
The river rat is heavily wounded.
The river rat bites you!
You closely miss the river rat. You bite the river rat.
The river rat is almost dead.
The river rat closely misses you.
You hit the river rat but do no damage.
The river rat is severely wounded.
The river rat bites you.
You closely miss the river rat.
The river rat is severely wounded.
The rat twitches its whiskers.
You barely miss the river rat. You bite the river rat.
You kill the river rat!
You feel sick.
You barely miss the rat. You barely miss the river rat. You hit the river rat.
The river rat is moderately wounded.
You hit the river rat.
The river rat is heavily wounded.
The river rat bites you.
You hit the river rat but do no damage.
You bite the river rat, but do no damage.
The river rat is heavily wounded.
You feel sick.
You are no longer poisoned.
The river rat bites you!
* * * LOW HITPOINT WARNING * * *
You hit the river rat.
The river rat is heavily wounded.
The river rat bites you!
You die...

##.........≈≈.....
##........≈≈.....
##.......≈≈.....
##......≈≈≈.....
#.)....≈≈≈≈....
##r.....≈≈≈≈≈..
#rr#....≈≈≈≈≈..
#r###...≈≈≈≈≈..
#@###...≈≈≈≈≈..
####....≈≈≈≈≈.
##....≈≈≈≈≈
#.....≈≈≈≈≈#
##.....≈≈≈≈≈≈
#......≈≈≈≈≈≈
#÷÷...≈≈≈≈≈≈≈
#.....≈≈≈≈≈≈≈
##....≈≈≈≈≈≈≈


You could see a river rat and 3 rats.

Vanquished Creatures
  A big kobold (Sewer)
  3 adders
  3 river rats (Sewer)
  An ooze (Sewer)
  3 leopard geckos
  An orc (D:3)
  2 ball pythons
  4 giant cockroaches
  2 hobgoblins
  2 frilled lizards (D:1)
  3 goblins
  9 kobolds
  14 rats
48 creatures vanquished.

Notes
Turn   | Place    | Note
-------+----------+-------------------------------------------
     0 | D:1      | MisterOstroum the Vampire Archaeologist began the quest for
                  | the Orb.
     0 | D:1      | Reached XP level 1. HP: 14/14 MP: 1/1
    34 | D:1      | Reached skill level 1 in Fighting
   226 | D:1      | Reached XP level 2. HP: 16/22 MP: 2/2
   583 | D:1      | Reached skill level 1 in Short Blades
   695 | D:3      | Reached XP level 3. HP: 21/27 MP: 3/3
   772 | D:3      | Found a glowing drain.
   777 | Sewer    | Entered a sewer
   979 | Sewer    | Noticed a big kobold
  1077 | Sewer    | Killed a big kobold
  1077 | Sewer    | Reached XP level 4. HP: 32/34 MP: 4/4
  1128 | Sewer    | Reached XP level 5. HP: 41/41 MP: 5/5
  1128 | Sewer    | Identified a scroll of acquirement
  1242 | Sewer    | Slain by a river rat

Skill      XL: |  1  2  3  4 |
---------------+-------------+-----
Fighting       | 1 2 3 |  3.1
Short Blades   | 1 4 |  4.5
Maces & Flails | |  0.7
Dodging        | |  3.2
Stealth        | |  4.8

Action                   |  1- 3 |  4- 6 || total
-------------------------+-------+-------++-------
Melee: Whip              |    32 |       ||    32
       Bite              |    12 |     9 ||    21
       Dagger            |   123 |    63 ||   186
       Short sword       |    16 |       ||    16
Throw: Javelin           |    11 |    13 ||    24
       Stone             |     5 |     2 ||     7
  Use: Potion            |     7 |       ||     7
       Scroll            |     1 |       ||     1
 Stab: Sleeping          |    16 |       ||    16
Armor: Robe              |    46 |     8 ||    54
Dodge: Dodged            |    98 |    31 ||   129
